 Dungeon Crawl Stone Soup version 0.29-a0-1009-g60c99734e7 (webtiles) character file.

Game seed: 9605924572282482715

100 nickcage the Firebug (level 4, -2/24 HPs)
             Began as a Tengu Fire Elementalist on Aug 8, 2022.
             Killed by nerve-wracking pain
             ... invoked by Grinder
              (6 damage)
             ... on level 3 of the Dungeon.
             The game lasted 00:05:39 (2219 turns).

nickcage the Firebug (Tengu Fire Elementalist)      Turns: 2219, Time: 00:05:40

Health: -2/24      AC:  3    Str:  8    XL:     4   Next: 73%
Magic:  5/18       EV: 12    Int: 18    God:
Gold:   115        SH:  0    Dex: 14    Spells: 2/9 levels left

rFire   . . .      SeeInvis .   h - +0 long sword (venom)
rCold   . . .      Faith    .   (no shield)
rNeg    . . .      Spirit   .   a - +1 robe
rPois   .          Reflect  .   (helmet restricted)
rElec   .          Harm     .   (no cloak)
rCorr   .          Rampage  .   (no gloves)
Will    .....                   (boots unavailable)
Stlth   ++........              (no amulet)
HPRegen 0.08/turn               k - ring of magical power
MPRegen 0.16/turn               (no ring)

@: no status effects
A: beak, talons 3
a: no special abilities


You were on level 3 of the Dungeon.
You visited 1 branch of the dungeon, and saw 3 of its levels.

You collected 115 gold pieces.

Inventory:

Hand Weapons
 g - a +0 dagger
 h - a +0 long sword of venom (weapon)
Missiles
 f - 6 silver javelins
Armour
 a - a +1 robe (worn)
Jewellery
 k - a ring of magical power (left hand)
Scrolls
 c - 5 scrolls of identify
 d - a scroll of brand weapon
Potions
 b - a potion of magic
 e - a potion of brilliance
 i - a potion of flight
 j - 5 potions of curing


   Skills:
 - Level 2.1 Dodging
 - Level 2.0 Stealth
 + Level 3.2 Spellcasting
 - Level 2.1 Conjurations
 + Level 4.7 Fire Magic


You had 2 spell levels left.
You knew the following spells:

 Your Spells              Type           Power      Damage    Failure   Level
a - Foxfire               Conj/Fire      60%        2x1d7     4%          1
b - Scorch                Fire           38%        2d6       3%          2
c - Flame Wave            Conj/Fire      15%        2d7       36%         4

Your spell library contained the following spells:

 Spells                   Type           Power      Damage    Failure   Level
 Conjure Flame            Conj/Fire      15%        6-21      12%         3
 Inner Flame              Hex/Fire       11%        N/A       19%         3
 Ignite Poison            Fire/Tmut/Pois 8%         N/A       26%         3
 Mephitic Cloud           Conj/Pois/Air  5%         N/A       34%         3
 Freezing Cloud           Conj/Ice/Air   2%         6-21      97%         5


Dungeon Overview and Level Annotations

Branches:
Dungeon (3/15)

Altars:
Ashenzari

Annotations:
D:3 Grinder


Innate Abilities, Weirdness & Mutations

You have a beak for a mouth.
You have claws for feet.


Message History

An orc comes into view. It is wielding a +0 dagger.
The orc shouts!
Grinder comes into view.
Flames lash the orc.
You kill the orc!
Grinder shouts!
The orc shouts!
A ball python comes into view.
Flames lash the orc.
The orc is severely wounded.
The orc's fire resistance burns away.
Flames lash the orc.
The orc is burned terribly!
You kill the orc!
Flames lash Grinder.
Grinder is moderately wounded.
Grinder's fire resistance burns away.
Grinder hits you.
You writhe in agony.
Flames lash Grinder.
Grinder is burned terribly!
Grinder is moderately wounded.
Grinder hits you!
* * * LOW HITPOINT WARNING * * *
You writhe in agony.
* * * LOW HITPOINT WARNING * * *
You are too injured to fight recklessly!
Casting: Scorch (safe; 3% risk of failure)
Press: ? - help, Q - select action, (/) - cycle Dir - look around, f - activate Flames lash Grinder.
Grinder is burned terribly!
Grinder is severely wounded.
Grinder misses you. Grinder gestures at you.
You resist with significant effort.
Grinder blinks!
Grinder blinks!
j - 5 potions of curing (gained 1);
c - 5 scrolls of identify (gained 3)
Things that are here:
a +0 hand axe; a +0 leather armour; an orc corpse Grinder is no longer more vulnerable to fire.
Grinder blinks!
You hear the brisk rusting of a distant drain.
Grinder gestures at you. Pain shoots through your body!
You die...

#........# #.# ......
+........# #.# ......
#........# #.#
......#### ##........#
#.# ..S......#
#.........###.###
.........##
#...............#
....).....#
#.............#.#
.^........#
#........#...##.#
..........#
#@....5..#.#.##.#
...5......#
#.#........#.##.#
#########.#
#.##########.##.#
#.######)..............#
#..............5....####
#####################


You could see Grinder.

Vanquished Creatures
  Natasha (D:3)
  Robin (D:3)
  A gnoll (D:1)
  An adder (D:2)
  A worm (D:2)
  2 orcs (D:3)
  5 endoplasms
  8 hobgoblins
  2 kobolds (D:2)
  3 ball pythons
  3 bats (D:1)
  A frilled lizard (D:2)
  8 goblins
  3 rats (D:1)
40 creatures vanquished.

Vanquished Creatures (others)
  29 foxfires
29 creatures vanquished.

Grand Total: 69 creatures vanquished

Notes
Turn   | Place    | Note
-------+----------+-------------------------------------------
     0 | D:1      | nickcage the Tengu Fire Elementalist began the quest for
                  | the Orb.
     0 | D:1      | Reached XP level 1. HP: 10/10 MP: 4/4
   416 | D:1      | Reached XP level 2. HP: 15/15 MP: 4/6
   709 | D:1      | Found a faded altar of an unknown god.
  1005 | D:2      | Found a broken altar of Ashenzari.
  1010 | D:2      | Reached skill level 4 in Fire Magic
  1010 | D:2      | Reached XP level 3. HP: 19/19 MP: 5/7
  1013 | D:2      | Learned a level 2 spell: Scorch
  1870 | D:3      | Noticed Natasha
  1874 | D:3      | Killed Natasha
  1875 | D:3      | Reached XP level 4. HP: 24/24 MP: 4/9
  1880 | D:3      | Learned a level 4 spell: Flame Wave
  2032 | D:3      | Noticed Robin
  2046 | D:3      | Killed Robin
  2171 | D:3      | Noticed Grinder
  2219 | D:3      | Killed from afar by Grinder

Illustrated notes

Levels and vault maps discovered:
D:1:      matt_arrival_grand_opening, layout_basic,
          shapermc_ecumenical_altar_acropolis
D:2:      layout_loops_ring, basic_altar, chequers_mini_garden
D:3:      layout_basic, cheibrodos_sewer_entry_drain, uniq_jessica, uniq_robin,
          uniq_grinder, uniq_natasha

Skill      XL: |  1  2  3  4 |
---------------+-------------+-----
Fire Magic     | 4 |  4.7
Conjurations   | 2 |  2.1
Spellcasting   | 3 |  3.2
Dodging        | |  2.1
Stealth        | |  2.0

Action                   |  1- 3 |  4- 6 || total
-------------------------+-------+-------++-------
Melee: Unarmed           |     3 |       ||     3
       Kick              |     6 |     3 ||     9
       Long sword        |     7 |    17 ||    24
       Dagger            |     1 |       ||     1
       Peck              |     1 |       ||     1
 Cast: Foxfire           |    18 |       ||    18
       Scorch            |    12 |    14 ||    26
  Use: Scroll            |     6 |       ||     6
Armor: Robe              |     3 |     3 ||     6
Dodge: Dodged            |    15 |    10 ||    25

Table legend: (Time is in decaauts)
 A = Elapsed time spent in this place.
 B = Non-inter-level travel time spent in this place.
 C = Inter-level travel time spent in this place.
 D = Time resting spent in this place.
 E = Time spent auto-exploring this place.
 F = Levels seen in this place.
 G = Mean time per level.
                   A        B        C        D        E       F      G
               +--------+--------+--------+--------+--------+-----+--------+
         Total |   2226 |   2163 |     63 |    105 |   1710 |   3 |  742.0 |
       Dungeon |   2226 |   2163 |     63 |    105 |   1710 |   3 |  742.0 |
               +--------+--------+--------+--------+--------+-----+--------+

Top non-repeatable levels by time:
     D:1: 974 daAuts
     D:2: 897 daAuts
     D:3: 355 daAuts
